 Dungeon Crawl Stone Soup version 0.30-a0-12-gd8047c6341 (webtiles) character file.

Game seed: 16246739006942697644

403 Flugkiller the Chopper (level 6, -2/56 HPs)
             Began as a Minotaur Fighter on Aug 23, 2022.
             Slain by an ogre
             ... wielding a +0 giant spiked club
              (19 damage)
             ... on level 5 of the Dungeon.
             The game lasted 00:01:51 (3865 turns).

Flugkiller the Chopper (Minotaur Fighter)           Turns: 3865, Time: 00:01:52

Health: -2/56      AC: 11    Str: 21    XL:     6   Next: 55%
Magic:  5/5        EV:  9    Int:  5    God:
Gold:   231        SH:  4    Dex: 11    Spells: 5/5 levels left

rFire   . . .      SeeInvis .    a - +0 war axe
rCold   . . .      Faith    .    c - +0 buckler
rNeg    . . .      Spirit   .    b - +0 scale mail
rPois   .          Reflect  .    (helmet restricted)
rElec   .          Harm     .    r - +0 cloak
rCorr   .          Rampage  .    (no gloves)
Will    .....                    j - +2 pair of boots
Stlth   ..........               (no amulet)
HPRegen 0.18/turn                (no ring)
MPRegen 0.09/turn                (no ring)

@: mighty
A: horns 2, retaliatory headbutt
a: no special abilities


You were on level 5 of the Dungeon.
You visited 1 branch of the dungeon, and saw 5 of its levels.

You collected 264 gold pieces.
You spent 33 gold pieces at shops.

Inventory:

Hand Weapons
 a - a +0 war axe (weapon)
Missiles
 y - 2 throwing nets (quivered)
Armour
 b - a +0 scale mail (worn)
 c - a +0 buckler (worn)
 j - a +2 pair of boots (worn)
   (You found it on level 1 of the Dungeon)
 r - a +0 cloak (worn)
   (You found it on level 2 of the Dungeon)
Jewellery
 f - a ring of flight
   (You found it on level 1 of the Dungeon)
 n - a ring of ice
   (You found it on level 1 of the Dungeon)
 w - the amulet of Elemental Vulnerability {rPois rF-- rC-- AC+8}
   (You found it on level 4 of the Dungeon)

   [amulet of nothing]

   AC:        It affects your AC (+8).
   rF:        It makes you very vulnerable to fire.
   rC:        It makes you very vulnerable to cold.
   rPois:     It protects you from poison.
Scrolls
 g - 5 scrolls of noise {unknown}
 h - a scroll of immolation {unknown}
 k - a scroll of poison {unknown}
 l - a scroll of summoning {unknown}
 m - 3 scrolls of identify {unknown}
 s - a scroll of torment {unknown}
 x - a scroll of teleportation {unknown}
Potions
 d - 3 potions of might
 e - 3 potions of resistance {unknown}
 i - a potion of degeneration {unknown}
 o - 2 potions of heal wounds {unknown}
 p - a potion of attraction {unknown}
 q - 4 potions of curing
 t - 2 potions of brilliance {unknown}
 u - 2 potions of ambrosia {unknown}
 v - a potion of berserk rage {unknown}


   Skills:
 + Level 5.5 Fighting
 * Level 6.2 Axes
 + Level 5.4 Armour
 - Level 3.6 Shields


You had 5 spell levels left.
You didn't know any spells.
Your spell library was empty.

Dungeon Overview and Level Annotations

Branches:
Dungeon (5/15)
 Temple: D:4-7

Altars:
Ashenzari
Fedhas
Makhleb
Trog

Shops:
D:2 (   D:4 ?*!!

Annotations:
D:5 2 transporters, Flugkiller's ghost, novice MiFi


Innate Abilities, Weirdness & Mutations

You have a pair of horns on your head.
You reflexively headbutt those who attack you in melee.


Message History

You slash the hound!
You kill the hound!
No target in view!
You see here a hound corpse.
You start resting.
HP restored.
You now have 198 gold pieces (gained 12).
The quasit gives a chilling moan.
The quasit gives a chilling moan.
A hound comes into view.
The hound barks!
A hound is nearby!
A hound is nearby!
A hound is nearby!
A hound is nearby!
You barely miss the hound.
The hound bites you but does no damage. x2
You miss the hound. The hound closely misses you. You furiously retaliate!
You headbutt the hound. The hound bites you.
You hit the hound. You headbutt the hound!
The hound is almost dead.
The hound bites you but does no damage.
You closely miss the hound.
The hound is almost dead.
The hound bites you but does no damage. You block the hound's attack.
You closely miss the hound.
The hound is almost dead.
The hound barely misses you. You furiously retaliate!
You headbutt the hound.
You kill the hound!
Your Axes skill increases to level 6!
No target in view!
No target in view!
No target in view!
No target in view!
No target in view!
You see here a hound corpse.
Found a stone staircase leading down.
Found 7 stones.
Found a spear.
Found an escape hatch in the floor.
Found a cloak.
Found an escape hatch in the ceiling.
There is an escape hatch in the floor here.
You now have 212 gold pieces (gained 14).
You now have 220 gold pieces (gained 8).
u - 2 metallic purple potions (gained 1)
Found a transporter.
You now have 231 gold pieces (gained 11).
A hound comes into view.
The hound barks!
An ogre comes into view. It is wielding a +0 giant spiked club.
A dart slug comes into view.
An ice beast comes into view.
The ogre shouts!
Found a pair of gloves.
The hound bites you but does no damage.
You closely miss the hound. The hound barely misses you.
You barely miss the ogre. You barely miss the hound.
The hound bites you but does no damage.
The ogre hits you with a +0 giant spiked club!
The hound closely misses you. You furiously retaliate!
You headbutt the hound! You hit the hound but do no damage.
Your headbutt misses the hound.
The hound is heavily wounded.
You slash the ice beast! You slash the ogre! The hound bites you.
The ice beast closely misses you. You furiously retaliate!
You headbutt the ice beast, but do no damage.
The ogre barely misses you. The hound barely misses you.
You furiously retaliate!
You headbutt the hound, but do no damage.
You block the ice beast's attack.
You closely miss the hound.
The hound is heavily wounded.
You hit the ice beast but do no damage. You hit the ogre but do no damage.
You block the hound's attack. The ogre closely misses you.
The ice beast hits you but does no damage.
You block the hound's attack.
You hit the hound but do no damage. You headbutt the hound.
The hound is severely wounded.
You hit the ice beast. You hit the ogre.
The hound bites you but does no damage. The ice beast hits you.
The ice beast freezes you! The hound bites you but does no damage.
The ogre hits you with a +0 giant spiked club!!
* * * LOW HITPOINT WARNING * * *
You are too injured to fight recklessly!
You are too injured to fight recklessly!
You are too injured to fight recklessly!
You are too injured to fight recklessly!
You are too injured to fight recklessly!
Unknown command.
You feel better. The hound completely misses you. The hound closely misses you.
You feel very mighty all of a sudden. The hound bites you but does no damage.
You are too injured to fight recklessly!
You are too injured to fight recklessly!
You are too injured to fight recklessly!
You are too injured to fight recklessly!
You slash the hound!
You kill the hound!
You slash the ogre! Your headbutt misses the ogre.
The ogre is almost dead.
The ogre hits you with a +0 giant spiked club!!
You die...

#.≈.#.#### .#
.#.###.≈.#.... .#
#.≈.....w.≈.....# .#.
#.≈≈≈≈≈≈≈≈≈...#.######...
#...[.......#.........##
.......''#......#......##
#......#.#.#...........P.
#.....#.#...#....#...♣..
#.....#@...........#.#
#.....O..............#
#.....#......###.....#
#..............#.##.##
#...#####.....#.#...[.♣P
..# #.© ###)..#.>..<..P.#
# . ....
..#.(.#..#######P .# .#.#
#......# ##.# .#..#.
#..##.##


You could see an ogre and a dart slug.

Vanquished Creatures
  A scorpion (D:4)
  3 hounds (D:5)
  An iguana (D:5)
  3 gnolls (D:4)
  6 adders
  2 river rats (D:4)
  5 worms
  3 dart slugs
  2 orcs
  8 bats
  9 endoplasms
  4 giant cockroaches
  7 goblins
  4 hobgoblins
  12 jackals
  8 kobolds
  8 quokkas
  10 ball pythons
  2 frilled lizards
  8 rats
106 creatures vanquished.

Notes
Turn   | Place    | Note
-------+----------+-------------------------------------------
     0 | D:1      | Flugkiller the Minotaur Fighter began the quest for the
                  | Orb.
     0 | D:1      | Reached XP level 1. HP: 19/19 MP: 0/0
    97 | D:1      | Reached XP level 2. HP: 27/27 MP: 1/1
   172 | D:1      | Reached skill level 3 in Axes
   610 | D:1      | Reached XP level 3. HP: 33/33 MP: 2/2
  1066 | D:2      | Reached skill level 4 in Axes
  1267 | D:2      | Reached XP level 4. HP: 41/41 MP: 3/3
  1435 | D:2      | Found Xinobuasm's Weapon Shop.
  2646 | D:4      | Found Cuck's General Store.
  2653 | D:4      | Found the amulet of Elemental Vulnerability {rPois rF--
                  | rC-- AC+8}
  2779 | D:4      | Found Potrunaw's Distillery.
  2789 | D:4      | Bought a potion of curing for 33 gold pieces
  2793 | D:4      | Reached XP level 5. HP: 47/47 MP: 4/4
  2825 | D:4      | Reached skill level 5 in Axes
  2874 | D:4      | Found a blossoming altar of Fedhas.
  3013 | D:4      | Found Nymou's Magic Scroll Boutique.
  3104 | D:4      | Reached skill level 5 in Fighting
  3104 | D:4      | Reached skill level 5 in Armour
  3137 | D:4      | Found a bloodstained altar of Trog.
  3269 | D:4      | Found Hevem's Distillery.
  3408 | D:4      | Found a burning altar of Makhleb.
  3487 | D:4      | Reached XP level 6. HP: 56/56 MP: 5/5
  3560 | D:4      | Found a broken altar of Ashenzari.
  3610 | D:5      | Entered Level 5 of the Dungeon
  3674 | D:5      | Found a transporter.
  3677 | D:5      | Noticed Flugkiller's ghost (novice MiFi)
  3805 | D:5      | Reached skill level 6 in Axes
  3849 | D:5      | Found a transporter.
  3854 | D:5      | Noticed an ice beast
  3865 | D:5      | Slain by an ogre

Illustrated notes

Levels and vault maps discovered:
D:1:      wander_arrival_lonely_grave, layout_loops_corners,
          hangedman_glass_teeth
D:2:      layout_basic, serial_shops, shop, minmay_distorted
D:3:      mumra_celtic_spiral_tile, layout_loops_ring
D:4:      layout_loops_ring, nicolae_overflow_hidden_temple, kennysheep_mini,
          bloody_makhleb, nicolae_overflow_crystal_walls, portal_sewer_entry_e,
          serial_shops, nicolae_shop_crystal, nicolae_square_shop,
          nicolae_square_shop, shop
D:5:      kennysheep_kobold_camp, layout_basic, mainiacjoe_overflow_brackets,
          kennysheep_slug_shrine, minmay_temple_entry_slanted,
          gammafunk_ghost_stat_death, serial_bayou_pond_e

Skill      XL: |  1  2  3  4  5  6 |
---------------+-------------------+-----
Axes           | 3 4 5 6 |  6.2
Fighting       | 4 5 |  5.5
Armour         | 4 5 |  5.4
Shields        | |  3.6

Action                   |  1- 3 |  4- 6 || total
-------------------------+-------+-------++-------
Melee: War axe           |    81 |   118 ||   199
       Headbutt          |    10 |    13 ||    23
  Use: Potion            |       |     2 ||     2
Armor: Scale mail        |    44 |    68 ||   112
Dodge: Dodged            |    24 |    64 ||    88
Block: Buckler           |    24 |    24 ||    48

Table legend: (Time is in decaauts)
 A = Elapsed time spent in this place.
 B = Non-inter-level travel time spent in this place.
 C = Inter-level travel time spent in this place.
 D = Time resting spent in this place.
 E = Time spent auto-exploring this place.
 F = Levels seen in this place.
 G = Mean time per level.
                   A        B        C        D        E       F      G
               +--------+--------+--------+--------+--------+-----+--------+
         Total |   3931 |   3808 |    123 |     71 |   3144 |   5 |  786.2 |
       Dungeon |   3931 |   3808 |    123 |     71 |   3144 |   5 |  786.2 |
               +--------+--------+--------+--------+--------+-----+--------+

Top non-repeatable levels by time:
     D:3: 1044 daAuts
     D:1: 1014 daAuts
     D:4: 980 daAuts
     D:2: 631 daAuts
     D:5: 260 daAuts
